 Dungeon Crawl Stone Soup version 0.31-a0-219-g8d62b2e7bb (webtiles) character file.

Game seed: 14227302169809339514

53 qw the Shooter (level 3, -1/29 HPs)
             Began as a Minotaur Hexslinger on July 3, 2023.
             Slain by a cerulean imp
             ... wielding a +2 spear
             ... summoned by Natasha
              (2 damage)
             ... on level 2 of the Dungeon.
             The game lasted 00:00:29 (1040 turns).

qw the Shooter (Minotaur Hexslinger)                Turns: 1040, Time: 00:00:29

Health: -1/29      AC:  5    Str: 12    XL:     3   Next: 62%
Magic:  3/3        EV: 11    Int: 10    God:
Gold:   43         SH:  0    Dex: 14    Spells: 3/4 levels left

rFire   . . .        Y - +1 sling
rCold   . . .        (no shield)
rNeg    . . .        g - +0 ring mail
rPois   .            (helmet restricted)
rElec   .            (no cloak)
rCorr   .            (no gloves)
SInv    .            (no boots)
Will    .....        (no amulet)
Stlth   +            (no ring)
HPRegen 0.24/turn    (no ring)
MPRegen 0.08/turn

%: no passive effects
@: no status effects
A: horns 2, retaliatory headbutt
a: no special abilities


You were on level 2 of the Dungeon.
You visited 1 branch of the dungeon, and saw 2 of its levels.

You collected 43 gold pieces.


Innate Abilities, Weirdness & Mutations

You have a pair of horns on your head.
You reflexively headbutt those who attack you in melee.


   Skills:
 - Level 2.0 Fighting
 - Level 4.1 Ranged Weapons
 + Level 0.3 Armour
 - Level 2.1 Dodging
 - Level 1.0 Spellcasting
 - Level 2.0 Hexes


You had 3 spell levels left.
You knew the following spells:

 Your Spells              Type           Power      Damage    Failure   Level
a - Slow                  Hex            16%        N/A       34%         1

Your spell library contained the following spells:

 Spells                   Type           Power      Damage    Failure   Level
 Inner Flame              Hex/Fire       2%         N/A       83%         3
 Portal Projectile        Hex/Tloc       4%         N/A       83%         3
 Cause Fear               Hex            2%         N/A       98%         4

Inventory:

Hand Weapons
 Y - a +1 sling (weapon)
Armour
 g - a +0 ring mail (worn)
Scrolls
 a - a scroll of brand weapon {unknown}
 b - 2 scrolls of identify
Potions
 e - a potion of heal wounds {unknown}

Dungeon Overview and Level Annotations

Branches:
Dungeon (2/15)

Altars:

Annotations:
D:2 Natasha


Message History

The cerulean imp disappears in a puff of smoke!
Natasha closely misses you.
You shoot a sling bullet. The sling bullet misses Natasha.
The sling bullet hits the rat!
You kill the rat!
Natasha barely misses you.
You shoot a sling bullet. The sling bullet hits Natasha.
Natasha is moderately wounded.
Natasha barely misses you. Natasha claws you.
You shoot a sling bullet.
The sling bullet hits Natasha but does no damage.
Natasha is moderately wounded.
The frilled lizard bites you but does no damage.
Natasha casts a spell at you. The magic dart hits you.
You shoot a sling bullet.
The sling bullet closely misses Natasha.
The sling bullet hits the giant cockroach.
You kill the giant cockroach!
The frilled lizard closely misses you. Natasha casts a spell at you.
The magic dart hits you!
The cerulean imp hits you from afar with a +2 spear.
The frilled lizard bites you but does no damage.
You shoot a sling bullet. The sling bullet barely misses Natasha.
The sling bullet barely misses the cerulean imp.
The sling bullet hits the frilled lizard!
You kill the frilled lizard!
Natasha casts a spell.
The cerulean imp hits you from afar with a +2 spear.
The frilled lizard barely misses you.
You shoot a sling bullet. The sling bullet hits Natasha.
Natasha is heavily wounded.
Natasha mumbles some strange words.
The cerulean imp hits you but does no damage.
The frilled lizard barely misses you. You furiously retaliate!
You headbutt the frilled lizard, but do no damage.
Natasha claws you.
The cerulean imp hits you from afar with a +2 spear.
You die...

# #.# #. #.#
#.##.##.# ##########
#.......# #........#
........# #........#
.. ...# #........#
#.##.#####........#
+..l.5...'........#
#.##@#####........#
#h# #######.## K5#
#.### ...# #.#..
#...# #.#.# ....#
#.#.#
.#...###########.#.#
..................#.#
..#.....#######.#


You could see Natasha, 2 cerulean imps, a kobold and a frilled lizard.

Vanquished Creatures
  Natasha (D:2)
  A dart slug (D:1)
  An endoplasm (D:1)
  A giant cockroach (D:2)
  4 hobgoblins
  3 jackals (D:1)
  3 kobolds (D:1)
  2 quokkas (D:1)
  A ball python (D:1)
  A bat (D:2)
  A frilled lizard (D:2)
  A goblin (D:1)
  5 rats
25 creatures vanquished.

Notes
Turn   | Place    | Note
-------+----------+-------------------------------------------
     0 | D:1      | qw the Minotaur Hexslinger began the quest for the Orb.
     0 | D:1      | Reached XP level 1. HP: 16/16 MP: 1/1
     0 | D:1      | 0 ||| qw: Version: 0.3-a-40-ge99b1a8
     0 | D:1      | 0 ||| qw: Game counter: 323
     0 | D:1      | 0 ||| qw: Melee chars always use a shield: true
     0 | D:1      | 0 ||| qw: God list: Okawaru
     0 | D:1      | 0 ||| qw: Allow faded altars: false
     0 | D:1      | 0 ||| qw: Do Orc after clearing Dungeon:15 true
     0 | D:1      | 0 ||| qw: Do second Lair branch before Depths: true
     0 | D:1      | 0 ||| qw: Lair rune preference: random
     0 | D:1      | 0 ||| qw: Goals: Normal
     0 | D:1      | 0 ||| PLANNING D:1-11
   194 | D:1      | Reached skill level 3 in Ranged Weapons
   238 | D:1      | Reached XP level 2. HP: 23/23 MP: 2/2
   723 | D:1      | 723 ||| UPGRADING to +0 ring mail.
   733 | D:1      | 733 ||| DROPPING +0 robe.
   734 | D:1      | 734 ||| DROPPING ring of wizardry.
   735 | D:1      | 735 ||| READING scroll labelled HACITU HADGHU.
   736 | D:1      | 736 ||| READING scroll labelled IMEPNA TOPHE.
   740 | D:1      | 740 ||| READING scroll labelled TIFAFASILE.
   741 | D:1      | 741 ||| READING scroll labelled ROUJ DOUXO.
   742 | D:1      | 742 ||| READING scroll labelled FUN OLALARGH.
   743 | D:1      | 743 ||| READING scroll labelled GUAGEE POKO.
   744 | D:1      | 744 ||| READING scroll labelled WUM TUCIGRU.
   745 | D:1      | 745 ||| DRINKING 2 silvery potions.
   746 | D:1      | 746 ||| DROPPING scroll of poison.
   747 | D:1      | 747 ||| DROPPING potion of attraction.
   866 | D:2      | Noticed Natasha
   867 | D:2      | 867 ||| FLEEEEING.
   868 | D:2      | 868 ||| FLEEEEING.
   869 | D:2      | 869 ||| FLEEEEING.
   870 | D:2      | 870 ||| FLEEEEING.
   871 | D:2      | 871 ||| FLEEEEING.
   872 | D:2      | 872 ||| FLEEEEING.
   873 | D:2      | 873 ||| FLEEEEING.
   877 | D:2      | 877 ||| FLEEEEING.
   878 | D:2      | 878 ||| FLEEEEING.
   883 | D:2      | 883 ||| FLEEEEING.
   884 | D:2      | 884 ||| FLEEEEING.
   885 | D:2      | 885 ||| FLEEEEING.
   886 | D:2      | 886 ||| FLEEEEING.
   887 | D:2      | 887 ||| FLEEEEING.
   889 | D:2      | 889 ||| FLEEEEING.
   890 | D:2      | 890 ||| FLEEEEING.
   891 | D:2      | 891 ||| FLEEEEING.
   892 | D:2      | 892 ||| FLEEEEING.
   893 | D:2      | 893 ||| FLEEEEING.
   895 | D:2      | 895 ||| FLEEEEING.
   899 | D:2      | Killed Natasha
   900 | D:2      | Reached skill level 4 in Ranged Weapons
   900 | D:2      | Reached XP level 3. HP: 13/29 MP: 3/3
  1024 | D:2      | Noticed Natasha
  1038 | D:2      | HP: 5/29 [Natasha/magic dart (10)]
  1040 | D:2      | HP: 1/29 [Natasha (3)]
  1040 | D:2      | Slain by a cerulean imp

Levels and vault maps discovered:
D:1:      sevenhm_arrival_forest_fort_large_2, layout_basic
D:2:      layout_basic, dreamdust_ecumenical_altar_grove, uniq_sigmund,
          uniq_natasha, uniq_jessica, uniq_crazy_yiuf_cottage

Skill      XL: |  1  2 |
---------------+-------+-----
Ranged Weapons | 3 4 |  4.1
Fighting       | 2 |  2.0
Armour         | |  0.3
Dodging        | |  2.1
Spellcasting   | |  1.0
Hexes          | |  2.0

Action                     || total
---------------------------++-------
   Fire: Sling             ||    77
    Use: Scroll            ||     7
         Potion            ||     1
 Armour: Robe              ||     6
         Ring mail         ||     5
  Dodge: Dodged            ||    24

Table legend:
 A = Non-vault XP
 B = Vault XP
 C = Vault XP percentage of total XP
 D = Non-vault monster count
 E = Vault monster count
 F = Vault count percentage of total count
                 A         B        C        D         E       F
            +---------+---------+-------+---------+---------+-------
      Total |      40 |      36 |  47.4 |      24 |       1 |   4.0
            +---------+---------+-------+---------+---------+-------
        D:1 |      33 |       0 |   0.0 |      19 |       0 |   0.0
        D:2 |       7 |      36 |  83.7 |       5 |       1 |  16.7
            +---------+---------+-------+---------+---------+-------
